[Event "*** Titled Tuesday Blitz"]
[Site "Chess.com"]
[Date "2018.07.03"]
[Round "2"]
[White "INDIAN-ELEPHANT"]
[Black "Bigfish1995"]
[Result "1-0"]
[WhiteElo "2608"]
[BlackElo "2884"]
[TimeControl "180+2"]
[EndTime "13:25:36 PDT"]
[Termination "INDIAN-ELEPHANT won by resignation"]

1. d4 Nf6 2. Nf3 e6 3. g3 d5 4. c4 Bb4+ 5. Bd2 Be7 6. Bg2 O-O 7. O-O Nbd7 8. Qb3 c6 9. Bb4 a5 10. Bxe7 Qe8 11. Bxf8 Qxf8 12. Qa3 Qd8 13. Nbd2 Nf8 14.
Ne5 Ne8 15. cxd5 exd5 16. e4 dxe4 17. Nxe4 Qxd4 18. Qc5 Qd8 19. Rad1 Qc7 20. Nd6 Be6 21. Nxe8 Rxe8 22. a3 Bb3 23. Rde1 Ne6 24. Qc3 a4 25. Nd3 Rd8 26. Nc5 Nxc5 27. Qxc5 h6 28. Re7 Qc8 29. Rfe1 Kh7 30. Be4+ g6 31. Qe5 Rd2 32. Qf6 Qg8 33. h4 Qg7 34. Qxg7+ Kxg7 35. Rxb7 Rxb2 36. Bxc6 Ra2 37.
Ree7 Rxa3 38. Kg2 Ra1 39. Ra7 Kf6 40. Reb7 Rc1 41. Rb6 Ke5 42. f4+ Kd4 43. Bxa4 Bd5+ 44.
Kf2 Ra1 45. Rb2 Kc3 46. Rc2+ Kb4 47. Rd2 Be6 48. Rd4+ Kc5 49. Re4 Ra2+ 50. Re2 Ra3 51. Re5+ Kd4 52. Re4+ Kc5 53. Rc7+ Kd6 54. Rc6+ Kd5 55.
Re5+ Kd4 56. Bb5 Ra2+ 57. Re2 Ra3 58. Rcxe6 fxe6 59. Rxe6 Ra2+ 60. Be2 g5 61. fxg5 hxg5 62. hxg5 Ra5 63. g6 Rg5 64. g4 Kd5 65. Rf6 Ke4 66. Bf3+ Kd4 67. Kg3 Ra5 68. Kf4 1-0

[Event "*** Titled Tuesday Blitz"]
[Site "Chess.com"]
[Date "2018.07.03"]
[Round "2"]
[White "Durarbayli"]
[Black "SARGISMV"]
[Result "1-0"]
[WhiteElo "2669"]
[BlackElo "2329"]
[TimeControl "180+2"]
[EndTime "13:25:52 PDT"]
[Termination "Durarbayli won by resignation"]

1. e4 e6 2. d4 d5 3. e5 c5 4. c3 Nc6 5. Nf3 Nh6 6. Bxh6 gxh6 7. Be2 Bg7 8. O-O O-O 9. Qd2 cxd4 10. cxd4 f6 11.
exf6 Qxf6 12. Rd1 Bd7 13. Na3 Be8 14. Nc2 Bg6 15. Rac1 Rac8 16. b4 a6 17. a4 h5 18.
b5 axb5 19. axb5 Ne7 20. Bd3 h4 21. h3 Bh5 22. Ne5 Bh6 23. Ne3 Bxd1 24. Rxd1 Bf4 25. Nd7 Qg5 26. Nxf8 Rxf8 27. Re1 Kh8 28. Qe2 Rg8 29.
Ng4 e5 30. dxe5 h5 31. Ne3 Bxe5 32. Qf3 d4 33. Nc4 Bb8 34. Qxb7 Ng6 35. Bxg6 Qxg6 36. Qe4 d3 37. Qxg6 Rxg6 38. Rd1 d2 39. Kf1 Re6 40. Rxd2 Kg7 41. Rd7+ Kg6 42. Rd8 Bh2 43. b6 Re4 44. Ne3 Rb4 45. Rg8+ Kh6 46. Rh8+ Kg6 47. Rg8+ Kf7 48.
Rg5 Rb1+ 49. Ke2 Rxb6 50. Rxh5 Rb2+ 51. Kf3 Bg1 52. Ng4 Rb3+ 53. Ke2 Rb2+ 54. Ke3 Rb3+ 55.
Ke4 Rb4+ 56. Kd3 Rb3+ 57. Kc2 Ra3 58. Rxh4 Bxf2 59. Nxf2 Ra2+ 60. Kd3 Rxf2 61. Rg4 Kf6 62. Ke3 Ra2 63. Kf3 Ra3+ 64. Kf4 Ra4+ 65. Kg3 Ra3+ 66. Kh4 Ra5 67. Rb4 Kg6 68. Rb6+ Kf5 69. g4+ Kf4 70. Rf6+ Ke3 71. g5 Ra4+ 72. Kh5 Ke4 73. h4 Ra6 74. Rxa6 1-0

[Event "*** Titled Tuesday Blitz"]
[Site "Chess.com"]
[Date "2018.07.03"]
[Round "2"]
[White "GMKrikor"]
[Black "simplerXiao"]
[Result "1-0"]
[WhiteElo "2618"]
[BlackElo "2357"]
[TimeControl "180+2"]
[EndTime "13:25:54 PDT"]
[Termination "GMKrikor won by resignation"]

1. e4 c5 2. Nf3 e6 3. d4 cxd4 4. Nxd4 Nc6 5. Nc3 Qc7 6. Be3 a6 7. g4 Bb4 8. Nxc6 bxc6 9. Qd4 Bd6 10. Qxg7 Be5 11. Qg5 h6 12. Qh4 Rb8 13. Nd1 Ne7 14. Bd3 Ng6 15. Qh5 c5 16. O-O c4 17. Be2 Bf4 18. Qh3 Bb7 19. Nc3 Rg8 20. Rad1 Qe5 21. Qf3 Bxh2+ 22. Kh1 Bf4 23. Bd4 Qg5 24. Qh3 Rc8 25.
Qh5 Ne5 26. Qxg5 hxg5 27. f3 Ke7 28. Kg2 Rh8 29. Rh1 Rxh1 30. Rxh1 Ng6 31. Bf2 a5 32. Bf1 Be5 33. Bg3 Nf4+ 34. Bxf4 Bxf4 35. Be2 Be5 36. Nd1 a4 37. c3 Bf4 38. Kf2 Ba6 39.
Ne3 Bxe3+ 40. Kxe3 Rb8 41. Rb1 a3 42. b3 d5 43. b4 Kd6 44. Rd1 Bb5 45. f4 gxf4+ 46.
Kxf4 Rh8 47. exd5 exd5 48. Bf3 Bc6 49. Kg3 Re8 50. Kf2 Re5 51. Rh1 Re6 52. Rh8 Rf6 53.
Kg3 Rxf3+ 54. Kxf3 d4+ 55. Ke2 dxc3 56. Kd1 Be4 57. Rh3 Bd3 58. Kc1 Kc6 59. Rh5 Be2 60. Rc5+ Kb6 61. g5 Bd3 62. Ra5 Kc6 63. Rxa3 Kb5 64.
Rxc3 Kxb4 65. Kd2 Bb1 66. a3+ Kc5 67. Rf3 Bg6 68. Kc3 Kd5 69. a4 Kc5 70. Rf6 Kd5 71.
a5 Kc5 72. a6 Kb5 73. Rxg6 fxg6 74. a7 1-0

[Event "*** Titled Tuesday Blitz"]
[Site "Chess.com"]
[Date "2018.07.03"]
[Round "2"]
[White "pKiLz5Rn9b"]
[Black "timator"]
[Result "1-0"]
[WhiteElo "2727"]
[BlackElo "2333"]
[TimeControl "180+2"]
[EndTime "13:26:00 PDT"]
[Termination "pKiLz5Rn9b won by resignation"]

1. Nf3 Nf6 2. d4 e6 3. e3 Be7 4. c4 O-O 5. b3 b6 6. Bb2 Bb7 7. Bd3 d5 8. cxd5 exd5 9. Nc3 c5 10. O-O Nc6 11. dxc5 bxc5 12. Rc1 Rc8 13. Na4 Nb4 14. Bb1 Ba6 15. Re1 Bb5 16. Nc3 Be8 17. Ne2 a5 18. Ng3 g6 19. Qd2 Qb6 20. Red1 Rd8 21. Bc3 Ne4 22. Qb2 Nxc3 23. Qxc3 Bf6 24. Qxc5 Qxc5 25.
Rxc5 a4 26. a3 Be7 27. axb4 Bxc5 28. bxc5 axb3 29. Nd4 Ba4 30. Nge2 b2 31. Re1 Ra8 32. Nc3 Rfc8 33. Nxa4 Rxa4 34. c6 Ra1 35. Kf1 Rca8 36. Ke2 Kf8 37. Kd2 Ke7 38. Kc3 Rb8 39. Nb3 Ra3 40. Bc2 Kd6 41. Kxb2 Ra6 42. Kc3 Rxc6+ 43. Kd2 Rbc8 44. Nd4 Rb6 45. Rb1 Rxb1 46. Bxb1 Rb8 47. Bc2 f5 48. h3 Rb6 49. f4 Kc5 50. g4 fxg4 51. hxg4 Rb4 52. g5 Kd6 53. Nf3 Ke6 54. Nd4+ Kd6 55. Ke2 Rb7 56. Kf3 Rb2 57. Kg4 Kc5 58.
f5 gxf5+ 59. Bxf5 Rb7 60. Kh5 Kc4 61. Kh6 Kc3 62. Bxh7 Kd2 63. Nf5 Ke2 64. g6 Kf3 65. g7 Rb8 66. g8=Q Rxg8 67. Bxg8 Ke4 68. Kg5 1-0

[Event "*** Titled Tuesday Blitz"]
[Site "Chess.com"]
[Date "2018.07.03"]
[Round "2"]
[White "Spring199"]
[Black "andrzej"]
[Result "0-1"]
[WhiteElo "2172"]
[BlackElo "2204"]
[TimeControl "180+2"]
[EndTime "13:26:09 PDT"]
[Termination "andrzej won by checkmate"]

1. e4 c5 2. Nf3 e6 3. d4 cxd4 4. Nxd4 d6 5. g3 a6 6. Bg2 b5 7.
O-O Bb7 8. Nc3 Nf6 9. a3 Nfd7 10. f4 Be7 11. Be3 Nb6 12. Qh5 g6 13. Qe2 Nc4 14. Bc1 Qb6 15. Qf2 Nd7 16. b3 Na5 17. Be3 Qc7 18. Na2 O-O 19. f5 e5 20. Ne2 Qxc2 21. Rfc1 Qxb3 22. Rc7 Qb2 23. Qe1 Rfd8 24. Bd2 Nc4 25. Bc3 Qc2 26. Rxb7 Bg5 27. Nb4 Qa4 28. Nd5 Nc5 29. Rc7 Rac8 30. Rxc8 Rxc8 31. h4 Bd8 32. fxg6 hxg6 33. Bh3 Rb8 34. Bg2 Ne3 35. Rc1 Nxg2 36. Kxg2 Qxe4+ 37. Kg1 Qxd5 38. Qf2 Ne4 39. Qf3 Bb6+ 40.
Kg2 Nxc3 41. Rxc3 Qxf3+ 42. Rxf3 Bc5 43. Nc3 Bxa3 44. Nd5 Bc5 45. Nf6+ Kg7 46. Nd7 Rc8 47. g4 Ba7 48. g5 Rc2+ 49. Kh3 b4 50. Rd3 Rc3 51.
Rxc3 bxc3 52. Nf6 c2 53. Nd5 c1=Q 54. h5 Qxg5 55. h6+ Qxh6+ 56. Kg4 Qh5+ 57. Kg3 Qg5+ 58. Kf3 Qf5+ 59. Ke2 Qe4+ 60. Kf1 Qxd5 61. Ke2 Qb3 62.
Ke1 Qc2 63. Kf1 Qf2# 0-1

[Event "*** Titled Tuesday Blitz"]
[Site "Chess.com"]
[Date "2018.07.03"]
[Round "2"]
[White "Aklanion"]
[Black "51616516516"]
[Result "1-0"]
[WhiteElo "2076"]
[BlackElo "2215"]
[TimeControl "180+2"]
[EndTime "13:26:09 PDT"]
[Termination "Aklanion won on time"]

1. e4 c5 2. Nf3 g6 3. c3 Bg7 4. d4 cxd4 5. cxd4 d5 6. e5 Nc6 7. h3 Nh6 8. g4 O-O 9. Bg2 f6 10. exf6 exf6 11. O-O Be6 12. Re1 Qd7 13. Nc3 Rfe8 14.
Bf4 Nf7 15. Qd2 Nd6 16. b3 Rad8 17. Rad1 Bf7 18. Na4 Ne4 19. Qc1 b6 20. Nc3 Rc8 21.
Qb2 Nxc3 22. Qxc3 f5 23. Rxe8+ Qxe8 24. Qd2 fxg4 25. hxg4 Qd7 26. Bh3 Be6 27. Ne5 Nxe5 28.
dxe5 Bxg4 29. Bxg4 Qxg4+ 30. Bg3 Rd8 31. Re1 d4 32. e6 Re8 33. e7 h5 34. Qb4 h4 35.
Qc4+ Kh7 36. Qc6 hxg3 37. Qxe8 gxf2+ 38. Kxf2 d3 39. Qf7 Qd4+ 40. Kg2 Qg4+ 41. Kf2 Qh4+ 42.
Kf1 Qh1+ 43. Kf2 Qh2+ 44. Ke3 d2 45. Rf1 Qe5+ 46. Kxd2 Qc3+ 47. Ke2 Qc2+ 48. Kf3 Qd3+ 49. Kg2 Qe4+ 50. Rf3 Qe2+ 51. Rf2 Qe4+ 52. Kg1 Qe1+ 53. Kh2 Qe5+ 54. Kh3 Qe3+ 55. Rf3 Qh6+ 56. Kg2 Qd2+ 57. Kg3 Qd6+ 58. Kg2 Qd2+ 59. Rf2 Qg5+ 60. Kf3 Qh5+ 61. Ke3 Qe5+ 62. Kf3 Qh5+ 63. Kg3 Qg5+ 64. Kf3 Qh5+ 65. Kg2 Qg4+ 66. Kf1 Qd1+ 67. Kg2 Qg4+ 68. Kh1 Qh4+ 69.
Rh2 1-0

[Event "*** Titled Tuesday Blitz"]
[Site "Chess.com"]
[Date "2018.07.03"]
[Round "2"]
[White "pulvettd"]
[Black "Martins-BR"]
[Result "0-1"]
[WhiteElo "2464"]
[BlackElo "2338"]
[TimeControl "180+2"]
[EndTime "13:26:50 PDT"]
[Termination "Martins-BR won on time"]

1. d4 f5 2. g3 Nf6 3. Bg2 g6 4. c3 Bg7 5. h4 h6 6. Nh3 O-O 7.
Nf4 Kh7 8. Qd3 d5 9. h5 g5 10. Ng6 Rg8 11. Nd2 c5 12. Nf3 cxd4 13. cxd4 Nc6 14.
Nfe5 Ne4 15. g4 Qb6 16. Nxc6 bxc6 17. Nxe7 Qb4+ 18. Bd2 Qxe7 19. Rc1 Qf6 20. e3 fxg4 21. Bxe4+ dxe4 22. Qxe4+ Kh8 23. Bc3 Bf5 24. Qg2 Qe6 25.
Rg1 Qd5 26. Qxd5 cxd5 27. Ke2 Rgf8 28. b3 Rac8 29. Bb4 Rfe8 30. Rc5 Be6 31. Rgc1 Rxc5 32. Bxc5 a6 33. Kd2 Rc8 34. b4 Bf7 35. a4 Be8 36. Ra1 Kg8 37. Ra3 Ra8 38. Kc3 Bxh5 39. b5 axb5 40. a5 Be8 41. Kb4 h5 42. a6 h4 43. a7 Kf7 44. Ra6 Bd7 45. Rd6 Be6 46. Rc6 Bf6 47. Rc7+ Kg6 48. Rb7 g3 49. fxg3 hxg3 50.
Bd6 g2 51. Bh2 g4 52. Kxb5 g3 53. Bg1 Bf5 54. Kb6 Bd3 55. Rb8 Bd8+ 56. Kb7 Rxa7+ 57. Kxa7 Bg5 58. Kb7 Be4 59. Kc6 Kf5 60. Rf8+ Kg4 61. Rg8 Kh4 62. Rh8+ Kg4 63. Rg8 Kh4 64. Kd6 Kg4 65.
Ke5 Bh7 66. Rh8 Be4 67. Rg8 Bh7 68. Rg7 Be4 69. Rg8 Bh7 70. Rh8 Be4 71. Re8 Kf3 72. Rg8 Bxe3 73. Bxe3 Kxe3 74. Rxg3+ Kf2 75. Kf4 g1=Q 76.
Rxg1 Kxg1 77. Ke3 Kf1 78. Kf4 Kf2 79. Ke5 Ke3 80. Ke6 Kxd4 81. Kd6 Kc3 82. Kc6 d4+ 83.
Kd6 d3 84. Ke6 d2 85. Kf6 d1=Q 0-1

[Event "*** Titled Tuesday Blitz"]
[Site "Chess.com"]
[Date "2018.07.03"]
[Round "2"]
[White "PaulfromSPb"]
[Black "Genghis_K"]
[Result "1/2-1/2"]
[WhiteElo "2509"]
[BlackElo "2706"]
[TimeControl "180+2"]
[EndTime "13:27:04 PDT"]
[Termination "Game drawn by agreement"]

1. d4 Nf6 2. Bg5 c5 3. d5 Ne4 4. Bc1 e6 5. c4 Qa5+ 6. Nd2 exd5 7. cxd5 Nf6 8. e4 d6 9. Bd3 Nbd7 10. Nf3 Be7 11.
O-O O-O 12. Nc4 Qd8 13. Bf4 Ne8 14. a4 b6 15. e5 dxe5 16. Nfxe5 Nxe5 17. Nxe5 Bd6 18.
Qh5 Nf6 19. Qh4 Bxe5 20. Bxe5 Qxd5 21. Bxf6 Qxd3 22. Rad1 Qg6 23. Be7 Bb7 24. f3 Rfe8 25.
Rd7 Bc6 26. Rc7 h6 27. h3 Rec8 28. Qf4 Rxc7 29. Qxc7 Bxa4 30. Ra1 Qc6 31. Qf4 Bc2 32.
Rxa7 Rxa7 33. Qb8+ Kh7 34. Qxa7 Bg6 35. Bd8 b5 36.
Bb6 c4 37. Bd4 f6 38. Bc3 Qd6 39. Qd4 Qe6 40. Qc5 Be8 41. Kh2 Bd7 42. Qd4 Kg6 43. Qf4 Kf7 44. Qc7 Qd5 45. Bb4 h5 46. Qc5 Qxc5 47.
Bxc5 Ke6 48. Kg3 Kd5 49. Bb4 Kd4 50. Kf2 Kd3 51. Ke1 Kc2 52. Bc3 Bc6 53. h4 Bd5 54. Ke2 Kb3 55. Kd2 Bc6 56. Bd4 Bb7 57. Bc3 Bc8 58. Bd4 Bf5 59. g3 Be6 60. f4 Bf5 61. Bc3 Be4 62. Bd4 Bd5 63. Bc3 Bc6 64.
Bd4 Bb7 65. Bc3 Bc8 66. Bd4 Bd7 67. Bc3 Be6 68. Bd4 b4 69. Bc5 c3+ 70. bxc3 bxc3+ 71. Kc1 Kc4 72. Bf8 g6 73. Bg7 Bf5 74. Bxf6 Kd3 75.
Bg7 c2 76. Bf6 Ke2 77. Be7 Kf3 78. Bf6 Kxg3 79. Bg5 Kf3 80. Kd2 Kf2 81. Bf6 Kg3 82. Bg5 Kg4 83. Kc1 Kf3 84. Kd2 Be4 85. Kc1 Kg4 86. Kd2 Kf5 87. Kc1 Ke6 88. Kd2 Kd5 89. Kc1 Kc4 90. Kd2 Kb3 91. Kc1 Bf5 92. Bf6 Kc4 93.
Bg5 Kd3 94. Bf6 Ke2 95. Bg5 Ke3 96. Bh6 1/2-1/2

[Event "*** Titled Tuesday Blitz"]
[Site "Chess.com"]
[Date "2018.07.03"]
[Round "2"]
[White "Bauxi435"]
[Black "saraswathii"]
[Result "1/2-1/2"]
[WhiteElo "2428"]
[BlackElo "2303"]
[TimeControl "180+2"]
[EndTime "13:27:17 PDT"]
[Termination "Game drawn - insufficient material"]

1. d4 Nf6 2. c4 d6 3. Nc3 g6 4. e4 Bg7 5. Be2 O-O 6. Be3 Nfd7 7. g4 e5 8. d5 Nb6 9. g5 f5 10. gxf6 Qxf6 11. h4 N8d7 12. h5 a5 13. hxg6 hxg6 14. Nf3 Nxc4 15. Bg5 Qf7 16. Qd3 Ncb6 17. Be3 Nc5 18.
Qc2 Bg4 19. Ng5 Qd7 20. O-O-O a4 21. Kb1 a3 22. b3 Bf6 23. Rdg1 Bxe2 24. Qxe2 Bxg5 25.
Rxg5 Rf6 26. f4 exf4 27. Bd4 Raf8 28. Qh2 Qg7 29. Rhg1 Kf7 30. e5 dxe5 31. Bxc5 Re8 32. Ne4 Nxd5 33. Nxf6 Qxf6 34. Qh7+ Qg7 35. Qxg7+ Kxg7 36. Rxg6+ Kf7 37. Rg7+ Kf6 38. Bxa3 f3 39. R7g3 e4 40. Kc2 f2 41. Rf1 e3 42. Bc1 Nb4+ 43. Kb2 Nd3+ 44. Kc2 e2 45. Rf3+ Kg6 46. R3xf2 Nxf2 47. Rg1+ Kf5 48. Bd2 Ke4 49. Rg3 Rd8 50. Re3+ Kd4 51.
Rxe2 Ne4 52. Be3+ Ke5 53. Re1 Ra8 54. a3 Rxa3 55. Kb2 Ra6 56. b4 Rc6 57. Bg1 Rc4 58.
Kb3 Rc6 59. b5 Rg6 60. Bh2+ Kd4 61. Bxc7 Nc5+ 62. Ka3 Rg2 63. Bb6 Rg3+ 64. Ka2 Rg2+ 65. Ka3 Rg3+ 66. Ka2 Rg2+ 67. Kb1 Rg5 68. Rc1 Rd5 69.
Kb2 Rf5 70. Ka3 Rf3+ 71. Kb2 Rf2+ 72. Kb1 Rf5 73. Rc2 Rf1+ 74. Kb2 Rf5 75. Ka3 Kd3 76.
Rxc5 Rxc5 77. Bxc5 Kc4 78. Ka4 Kxc5 79. Ka5 Kc4 80. Kb6 Kb4 81. Kxb7 Kxb5 1/2-1/2

[Event "*** Titled Tuesday Blitz"]
[Site "Chess.com"]
[Date "2018.07.03"]
[Round "2"]
[White "Passacaglia23"]
[Black "MrRooke6"]
[Result "1-0"]
[WhiteElo "2309"]
[BlackElo "2418"]
[TimeControl "180+2"]
[EndTime "13:27:22 PDT"]
[Termination "Passacaglia23 won by checkmate"]

1. d4 Nf6 2. c4 g6 3. f3 Nc6 4. d5 Ne5 5. e4 d6 6. b3 Bg7 7.
Bb2 Nh5 8. Nc3 O-O 9. Nge2 f5 10. Qc2 fxe4 11. Nxe4 e6 12. dxe6 Bxe6 13. Nd4 Bd7 14. O-O-O a5 15. Kb1 a4 16. c5 d5 17. c6 bxc6 18.
Nc5 axb3 19. axb3 Qe7 20. Re1 Qf7 21. Be2 Nf4 22. Bd1 Rfe8 23. g3 Nh5 24. Rhf1 Bh3 25. Rf2 Bf8 26. f4 Ng4 27. Rfe2 Ngf6 28. Nxc6 Bf5 29.
Nd3 Ne4 30. Nce5 Qe7 31. g4 Bxg4 32. Nxg4 c5 33. Nde5 Nxf4 34. Rxe4 dxe4 35. Qc4+ Ne6 36.
Nd7 Bg7 37. Ndf6+ Kh8 38. Nxe8 Rxe8 39. Rxe4 Bxb2 40. Kxb2 Qg7+ 41. Qc3 Qxc3+ 42. Kxc3 Kg7 43. Ne3 Kf7 44. Be2 Kf6 45. Ng4+ Kf5 46. Re5+ Kf4 47. h3 h5 48. Nf6 Kxe5 49. Nxe8 Nf4 50. Bf1 g5 51.
Kc4 g4 52. hxg4 hxg4 53. Kxc5 g3 54. b4 Ke4 55. b5 Ke3 56. b6 Kf2 57. b7 Kxf1 58.
b8=Q g2 59. Qxf4+ Ke2 60. Qg4+ Kf2 61. Qf4+ Ke2 62. Qe4+ Kf2 63. Qc2+ Kf1 64. Qd3+ Kf2 65. Qd2+ Kf1 66. Qd1+ Kf2 67. Qd4+ Kf1 68. Qf6+ Ke2 69.
Qg6 Kf2 70. Qf5+ Ke2 71. Qg4+ Kf2 72. Qf4+ Ke2 73. Qg3 Kf1 74. Qf3+ Kg1 75. Nf6 Kh1 76. Nh5 Kh2 77. Qg3+ Kh1 78. Qh3+ Kg1 79. Nf4 Kf2 80. Qxg2+ Ke3 81. Nd5+ Kd3 82. Qf3+ Kd2 83. Qe3+ Kc2 84. Kc4 Kb2 85. Qc3+ Kb1 86. Qd2 Ka1 87. Kb3 Kb1 88. Qb2# 1-0

[Event "*** Titled Tuesday Blitz"]
[Site "Chess.com"]
[Date "2018.07.03"]
[Round "2"]
[White "joppie2"]
[Black "Bryakin_Mikhail"]
[Result "1-0"]
[WhiteElo "2715"]
[BlackElo "2617"]
[TimeControl "180+2"]
[EndTime "13:27:39 PDT"]
[Termination "joppie2 won by resignation"]

1. d4 d5 2. Nf3 Nf6 3. Bf4 c5 4. e3 Nc6 5. Nbd2 cxd4 6. exd4 Bg4 7. c3 Bxf3 8. Nxf3 e6 9. Bd3 Bd6 10. Bg3 h6 11. Qe2 Qe7 12. Ne5 Bxe5 13. Bxe5 Nxe5 14. Qxe5 O-O 15. a4 a5 16. O-O Rfc8 17. Rfe1 Qc7 18. Ra3 Qxe5 19. Rxe5 b6 20. Rb3 Rab8 21. Re1 Ne8 22.
Kf1 Nd6 23. Ke2 Kf8 24. Kd2 Ke7 25. Ra1 Kd7 26. Rba3 Kc6 27. Rb1 Ra8 28. h4 f6 29.
Re1 Re8 30. b4 axb4 31. cxb4 Nc4+ 32. Bxc4 dxc4 33. Kc3 Kd5 34. a5 b5 35. a6 Ra7 36.
Ra5 Rb8 37. h5 Rb6 38. Rea1 Ke4 39. R5a2 Kd5 40. Ra3 Ke4 41. Ra5 Kd5 42. R5a2 Ke4 43. Ra3 Kd5 44. f3 Kd6 45. Kd2 Kd5 46. Ke3 Rc6 47.
Ra5 Rb6 48. R1a2 Rb8 49. g4 Rb6 50. f4 Rb8 51. g5 f5 52. Ra1 Rb6 53. R1a2 Kd6 54.
Kd2 Kd5 55. Ke3 Kd6 56. R2a3 Kd5 57. Ra1 Kd6 58. R5a3 Kd5 59. R3a2 Kd6 60. Kd2 Kd5 61. Kc3 Ke4 62. Ra5 Kxf4 63. gxh6 gxh6 64. d5 exd5 65. Kd4 Rb8 66. R5a2 Kg5 67. Rg1+ Kf6 68. Rg6+ Kf7 69.
Rxh6 Rba8 70. Ra1 Kg7 71. Rb6 f4 72. Rg1+ Kh7 73. Rgg6 f3 74. Rh6+ Kg7 75. Rbg6+ Kf8 76. Rf6+ Kg7 77. Rhg6+ Kh7 78. Kxd5 f2 79. Rh6+ Kg7 80.
Rhg6+ Kh7 81. Rxf2 Rxa6 82. Rxa6 Rxa6 83. Kc5 c3 84.
Kxb5 Ra1 85. Rc2 Ra3 86. Kc4 Kh6 87. Rxc3 Ra1 88. b5 Kxh5 89. b6 Rb1 90. Rb3 Rc1+ 91. Kd5 Rd1+ 92. Kc6 Rc1+ 93. Kb7 Kg6 94. Kb8 Kf7 95.
b7 Ke7 96. Ra3 1-0

[Event "*** Titled Tuesday Blitz"]
[Site "Chess.com"]
[Date "2018.07.03"]
[Round "2"]
[White "Superfelix"]
[Black "kleinebeer98"]
[Result "1-0"]
[WhiteElo "2367"]
[BlackElo "2463"]
[TimeControl "180+2"]
[EndTime "13:27:42 PDT"]
[Termination "Superfelix won by resignation"]

1. e4 c5 2. Nc3 Nc6 3. g3 h5 4. h3 g6 5. Bg2 Bg7 6. d3 d6 7.
Be3 Rb8 8. a4 a6 9. f4 b5 10.
axb5 axb5 11. Qd2 b4 12. Nd1 Nd4 13. Nf3 Nxf3+ 14. Bxf3 Nf6 15. c3 bxc3 16. bxc3 Bb7 17. O-O c4 18. e5 dxe5 19. fxe5 Nd7 20. Bxb7 Rxb7 21. e6 Nf6 22. Qg2 Qc8 23. Qc6+ Kd8 24. Bb6+ Rxb6 25. Qxb6+ Ke8 26. Qb5+ Kf8 27. Qxc4 Qb8 28.
Rf3 Kg8 29. exf7+ Kh7 30. Nf2 Rc8 31. Qb4 Qe5 32. Ne4 Nxe4 33. Qxe4 Qxc3 34. Raf1 Qc5+ 35. Kh1 Rf8 36. g4 Qg5 37. Qf4 Qxf4 38. Rxf4 hxg4 39. hxg4 Bh6 40. Re4 Bg5 41. Kg2 Kg7 42. d4 Bf6 43. d5 Rxf7 44. Re6 Bd4 45. Rxf7+ Kxf7 46. Kf3 Bc5 47. Kf4 Bb4 48. Ke4 Bd6 49. Kd4 Ba3 50. Kc4 Bc1 51. Kd3 Ba3 52. Ke2 Bb4 53. Rc6 Bd6 54. Kf3 Kf6 55. Rc3 Ke5 56. Rd3 Bc5 57. Rd1 Bd6 58. Ke3 Bc5+ 59. Kf3 Bd6 60. Rd2 Bb4 61.
Rd3 Bd6 62. Rd1 Bb4 63. Kg3 g5 64. Kf3 Bd6 65. Rd2 Bb4 66. Rd3 Bc5 67. Rd1 Bb4 68.
Rb1 Bd6 69. Rb5 Kd4 70. Ra5 Bc5 71. Ra6 Bd6 72. Ke2 Kxd5 73. Ra5+ Bc5 74. Kf3 e5 75. Ra8 e4+ 76. Ke2 Ke5 77. Ra5 Kd5 78. Rb5 Kd4 79.
Rb7 Bd6 80. Rf7 Bf4 81. Rf5 Kc4 82. Rf7 Kd4 83. Rf5 Kc4 84. Rf8 Kd4 85. Re8 Be5 86.
Rd8+ Kc5 87. Ke3 Bf4+ 88. Kxe4 Kc6 89. Rd1 Kc5 90. Kf5 Kc6 91. Rd8 Kc7 92. Rd3 Kc6 93.
Kg6 Kc5 94. Rd7 Be3 95. Re7 Bd2 96. Re5+ Kd6 97. Rxg5 1-0

[Event "*** Titled Tuesday Blitz"]
[Site "Chess.com"]
[Date "2018.07.03"]
[Round "3"]
[White "Firouzja2003"]
[Black "Sven_Tica"]
[Result "1-0"]
[WhiteElo "2816"]
[BlackElo "2657"]
[TimeControl "180+2"]
[EndTime "13:30:33 PDT"]
[Termination "Firouzja2003 won by resignation"]

1. e4 g6 2. d4 Bg7 3. Nc3 a6 4.
Be3 b5 5. Qd2 Bb7 6. f3 d6 7. h4 h5 8. O-O-O Nd7 9. Nh3 c5 10.
dxc5 Nxc5 11. Ng5 Nf6 12. Bxc5 dxc5 13. Qxd8+ Rxd8 14. Rxd8+ Kxd8 15. Nxf7+ Kc7 16. Nxh8 Bxh8 17. a4 b4 18. Nd5+ Nxd5 19. exd5 a5 20. Bd3 Bxd5 21. Bxg6 c4 22. Bxh5 Be5 23. Bg6 Bf4+ 24. Kb1 b3 25.
cxb3 cxb3 26. h5 Bh6 27. Be4 Be6 28. g4 Bd7 29. g5 Bxg5 30. h6 Bf6 31. h7 Bh8 32.
Rg1 1-0

[Event "*** Titled Tuesday Blitz"]
[Site "Chess.com"]
[Date "2018.07.03"]
[Round "3"]
[White "swayamsm"]
[Black "WPWPWP-2015"]
[Result "1-0"]
[WhiteElo "2601"]
[BlackElo "2393"]
[TimeControl "180+2"]
[EndTime "13:30:49 PDT"]
[Termination "swayamsm won by checkmate"]

1. d4 Nf6 2. Nf3 e6 3. Bf4 b6 4.
Nbd2 Bb7 5. e3 c5 6. c3 Be7 7. Bd3 O-O 8. h4 Nd5 9. Be5 d6 10. Bxh7+ Kxh7 11. Ng5+ Kg6 12. Qg4 f5 13. h5+ Kh6 14.
Nf7+ Rxf7 15. Qg6# 1-0

[Event "*** Titled Tuesday Blitz"]
[Site "Chess.com"]
[Date "2018.07.03"]
[Round "3"]
[White "josiwales"]
[Black "Storne89"]
[Result "1-0"]
[WhiteElo "2510"]
[BlackElo "2588"]
[TimeControl "180+2"]
[EndTime "13:30:54 PDT"]
[Termination "josiwales won by resignation"]

1. e4 e5 2. Nf3 Nc6 3. Bc4 Nf6 4. d3 Be7 5. O-O O-O 6. Re1 d6 7. a4 h6 8. Nbd2 Kh8 9. a5 a6 10. c3 Nh7 11. d4 Ng5 12. Nxg5 Bxg5 13. Nf3 Bxc1 14. Rxc1 Qf6 15. Bd5 Nxa5 16. Qa4 Nc6 17. Bxc6 bxc6 18. Qxc6 Ra7 19. dxe5 dxe5 20. Qc5 1-0

[Event "*** Titled Tuesday Blitz"]
[Site "Chess.com"]
[Date "2018.07.03"]
[Round "3"]
[White "Roachelley"]
[Black "GMMatamoros"]
[Result "0-1"]
[WhiteElo "2311"]
[BlackElo "2521"]
[TimeControl "180+2"]
[EndTime "13:31:47 PDT"]
[Termination "GMMatamoros won by resignation"]

1. d4 e6 2. c4 Bb4+ 3. Nc3 c5 4. dxc5 Nf6 5. Qc2 Bxc5 6. Nf3 b6 7. Bg5 h6 8. Bh4 Bb7 9. e3 Be7 10. Be2 d6 11. O-O a6 12. Rad1 Nbd7 13. h3 O-O 14.
Bg3 Qc7 15. Rd4 Rfc8 16. Rfd1 e5 17. R4d2 Nc5 18. Nd5 Bxd5 19. cxd5 Nfe4 20. b4 Nxd2 21. Rxd2 Nd7 22. Qa4 b5 23. Qb3 Qc3 0-1

[Event "*** Titled Tuesday Blitz"]
[Site "Chess.com"]
[Date "2018.07.03"]
[Round "3"]
[White "Korchmar_Vasiliy"]
[Black "volodja49"]
[Result "1-0"]
[WhiteElo "2686"]
[BlackElo "2464"]
[TimeControl "180+2"]
[EndTime "13:31:49 PDT"]
[Termination "Korchmar_Vasiliy won by resignation"]

1. d4 d5 2. c4 e6 3. Nf3 Nf6 4. g3 dxc4 5. Bg2 b5 6. a4 c6 7. Ne5 Nd5 8. O-O Bb7 9. e4 Nf6 10. Nc3 a6 11. d5 Bb4 12. dxe6 Qxd1 13. exf7+ Ke7 14. Rxd1 Nbd7 15. Nxd7 Nxd7 16. Bg5+ 1-0

[Event "*** Titled Tuesday Blitz"]
[Site "Chess.com"]
[Date "2018.07.03"]
[Round "3"]
[White "Spring199"]
[Black "Art10ECHR"]
[Result "1-0"]
[WhiteElo "2183"]
[BlackElo "2299"]
[TimeControl "180+2"]
[EndTime "13:32:13 PDT"]
[Termination "Spring199 won by checkmate"]

1. d4 d5 2. Bf4 Nf6 3. e3 c5 4. Nd2 Nc6 5. c3 e6 6. Ngf3 Bd6 7. Bg3 O-O 8. Bd3 b6 9. Ne5 Bb7 10. O-O Ne7 11. f4 Nf5 12. Bf2 Be7 13. g4 Nd6 14. Qf3 Nfe4 15. Qh3 f6 16. Nef3 Rc8 17. Rad1 cxd4 18.
exd4 b5 19. a3 a5 20. Nb3 b4 21. axb4 axb4 22. Nc5 Nxc5 23. Qxh7+ Kf7 24. Bg6# 1-0

[Event "*** Titled Tuesday Blitz"]
[Site "Chess.com"]
[Date "2018.07.03"]
[Round "3"]
[White "jk13"]
[Black "ozates"]
[Result "1-0"]
[WhiteElo "2562"]
[BlackElo "2335"]
[TimeControl "180+2"]
[EndTime "13:32:22 PDT"]
[Termination "jk13 won by checkmate"]

1. e4 c5 2. c3 d5 3. exd5 Qxd5 4. d4 g6 5. Nf3 Bg7 6. Na3 cxd4 7. Nb5 Qd8 8. Bf4 Na6 9. Bc4 Nf6 10. Qxd4 Qxd4 11.
Nbxd4 O-O 12. O-O-O Nc5 13. Rhe1 Nce4 14. Re2 Bd7 15. Ne5 Nd6 16. Nxd7 Nxd7 17. Bb3 e5 18.
Nf3 exf4 19. Rxd6 Nc5 20. Re7 Rfd8 21. Rxd8+ Rxd8 22. Bxf7+ Kf8 23. Rc7 Nd3+ 24. Kc2 Nxf2 25. Ng5 Be5 26. Ne6# 1-0

[Event "*** Titled Tuesday Blitz"]
[Site "Chess.com"]
[Date "2018.07.03"]
[Round "3"]
[White "AndrewDGreen"]
[Black "PowerThinking2650"]
[Result "1-0"]
[WhiteElo "2186"]
[BlackElo "2297"]
[TimeControl "180+2"]
[EndTime "13:32:38 PDT"]
[Termination "AndrewDGreen won by resignation"]

1. d4 Nf6 2. Nf3 g6 3. Nc3 d5 4. Bf4 Bg7 5. e3 O-O 6. Be2 c5 7. O-O cxd4 8. exd4 Nc6 9. Ne5 Be6 10. Nxc6 bxc6 11.
Na4 Nd7 12. c3 a5 13. Re1 Rc8 14. b4 axb4 15. cxb4 Bf5 16. Ba6 Rb8 17. Bxb8 Nxb8 18. Bf1 Nd7 19. Nc5 Nxc5 20. bxc5 Qc7 21. g3 e5 22. a4 1-0

[Event "*** Titled Tuesday Blitz"]
[Site "Chess.com"]
[Date "2018.07.03"]
[Round "3"]
[White "VerdeNotte"]
[Black "ENEASZ"]
[Result "1-0"]
[WhiteElo "2587"]
[BlackElo "2503"]
[TimeControl "180+2"]
[EndTime "13:32:58 PDT"]
[Termination "VerdeNotte won by resignation"]

1. Nf3 Nf6 2. c4 e6 3. g3 d5 4. Bg2 Be7 5. O-O O-O 6. b3 b6 7. Bb2 Bb7 8. e3 c5 9. Nc3 Nbd7 10. d4 cxd4 11. Nxd4 Bb4 12. Rc1 Nc5 13. Qe2 Qe7 14. cxd5 Bxc3 15. Bxc3 Bxd5 16. Nc6 Bxc6 17. Bxc6 Rac8 18.
Bg2 Nce4 19. Bb2 Rfd8 20. Qa6 h5 21. Rxc8 1-0